 Dungeon Crawl Stone Soup version 0.26-a0-808-g930a2b7adc (webtiles) character file.

Game seed: 16507491916350519337

634 Decritt the Grave Robber (level 7, 40/52 HPs)
             Began as a Mummy Necromancer on Nov 12, 2020.
             Quit the game on level 4 of the Dungeon.
             The game lasted 00:15:07 (6023 turns).

Decritt the Grave Robber (Mummy Necromancer)        Turns: 6023, Time: 00:15:07

Health: 40/52      AC:  5    Str: 11    XL:     7   Next: 24%
Magic:  12/16      EV: 13    Int: 21    God:
Gold:   237        SH:  0    Dex: 15    Spells: 9/18 levels left

rFire    x . .     SeeInvis .   s - +0 hunting sling
rCold    + . .     Faith    .   (no shield)
rNeg     + + +     Spirit   .   u - +2 robe "Taenlemu" {Int+5 Dex+2}
rPois    ∞         Reflect  .   (no helmet)
rElec    .         Harm     .   m - +0 cloak
rCorr    .         Rampage  .   (no gloves)
MR       +....                  (no boots)
Stlth    ++........             (no amulet)
HPRegen  0.17/turn              l - ring of protection from magic
MPRegen  0.15/turn              n - ring of wizardry

@: no status effects
A: no potions, fire vulnerability, cold resistance 1, negative energy resistance
3, torment resistance, unbreathing
a: no special abilities


You were on level 4 of the Dungeon.
You visited 1 branch of the dungeon, and saw 4 of its levels.

You collected 237 gold pieces.

Inventory:

Hand Weapons
 f - a +1 short sword
 g - a -3 spear
 i - a +2 mace of protection
 o - a +2 whip of venom
 s - a +0 hunting sling (weapon)
Missiles
 b - 15 sling bullets (quivered)
 c - 228 stones
 v - 6 poisoned darts
Armour
 a - a +1 robe
 k - a +0 leather armour
 m - a +0 cloak (worn)
 u - the +2 robe "Taenlemu" (worn) {Int+5 Dex+2}
   (You found it on level 4 of the Dungeon)

   It affects your intelligence (+5).
   It affects your dexterity (+2).
Jewellery
 l - a ring of protection from magic (left hand)
 n - a ring of wizardry (right hand)
Wands
 h - a wand of paralysis (8)
 p - a wand of acid (5)
 q - a wand of polymorph (8)
Scrolls
 d - a scroll of blinking
 e - 2 scrolls of teleportation
 j - a scroll of enchant weapon
 r - 2 scrolls of identify
 t - a scroll of immolation {unknown}


   Skills:
 + Level 3.0 Fighting
 + Level 3.0 Dodging
 - Level 1.5 Stealth
 * Level 6.0 Spellcasting
 * Level 6.0 Necromancy


You had 9 spell levels left.
You knew the following spells:

 Your Spells              Type           Power        Failure   Level
a - Pain                  Necr           ####         1%          1
b - Animate Skeleton      Necr           ####..       1%          1
c - Vampiric Draining     Necr           ####......   1%          3
d - Animate Dead          Necr           ####......   3%          4

Your spell library contained the following spells:

 Spells                   Type           Power        Failure   Level
 Corpse Rot               Necr/Air       N/A          1%          2
 Agony                    Necr           ####....     9%          5
 Frozen Ramparts          Ice            #.....       12%         3
 Mephitic Cloud           Conj/Pois/Air  #.......     12%         3
 Freezing Cloud           Conj/Ice/Air   #.........   99%         6
 Ozocubu's Refrigeration  Ice            #.........   99%         6


Dungeon Overview and Level Annotations

Branches:
Dungeon (4/15)
 Temple: D:4-7

Altars:
Uskayaw
Yredelemnul


Innate Abilities, Weirdness & Mutations

You do not drink.
Your flesh is vulnerable to fire.
You are immune to poison.
Your flesh is cold resistant. (rC+)
You are immune to negative energy. (rN+++)
You are immune to unholy pain and torment.
You can survive without breathing.


Message History

Your goblin zombie hits the goblin but does no damage.
A stone appears from out of your range of vision.
The stone hits your goblin zombie.
Your goblin zombie is destroyed!
Your jackal zombie barely misses the goblin.
The goblin shoots a stone.
The stone hits your jackal zombie.
Your jackal zombie barely misses the goblin.
There is an open door here.
You see here a stone.
Really fire in your jackal zombie's direction? [Y]es or [N]o only, please.
Really fire in your jackal zombie's direction? [Y]es or [N]o only, please.
Really fire in your jackal zombie's direction? [Y]es or [N]o only, please.
Really fire in your jackal zombie's direction? [Y]es or [N]o only, please.
Really fire in your jackal zombie's direction?
Okay, then.
Are you sure you want to abandon this character and quit the game? (Confirm with "yes".)

### ###### ##### ..# #....# .(((.
..+ #....# .(....
..#########....#########)$((..
.........#......#...g..(...#
..)....÷.'......@g.g(.Zg..(#
)..))....#.))...#g..(......#
..#########))).#########(.....
..+ #.)).# ...... ..# #....#
.....
############''###################
≈≈≈≈≈≈≈≈≈≈≈.)).≈≈≈≈≈≈≈≈≈≈≈≈≈≈≈≈≈≈
≈≈≈≈≈≈≈≈≈≈≈.....≈≈≈≈≈≈≈≈≈≈≈≈≈≈≈≈≈
≈≈≈≈≈≈≈≈≈≈≈....≈≈≈≈≈≈≈≈≈≈≈≈≈≈≈≈≈≈


You could see a hobgoblin, 4 goblins and a friendly jackal zombie.

Vanquished Creatures
  A big kobold (D:4)
  A bullfrog (D:3)
  A crimson imp (D:4)
  A hound (D:4)
  A centaur skeleton (D:4)
  2 orc priests (D:4)
  An orc wizard (D:4)
  A bullfrog skeleton (D:4)
  Terence (D:2)
  9 gnolls
  7 adders
  An ooze (D:1)
  An adder zombie (D:3)
  A worm (D:3)
  2 dart slugs
  A leopard gecko (D:1)
  9 orcs
  2 ball pythons
  5 giant cockroaches
  18 hobgoblins
  3 jackals (D:4)
  5 kobolds
  3 quokkas
  5 bats
  A frilled lizard (D:2)
  13 goblins
  4 rats
100 creatures vanquished.

Vanquished Creatures (collateral kills)
  A white imp (D:4)
  An orc (D:4)
  2 goblins (D:4)
  A kobold (D:4)
5 creatures vanquished.

Grand Total: 105 creatures vanquished

Notes
Turn   | Place    | Note
-------+----------+-------------------------------------------
     0 | D:1      | Decritt the Mummy Necromancer began the quest for the Orb.
     0 | D:1      | Reached XP level 1. HP: 13/13 MP: 4/4
   431 | D:1      | Reached XP level 2. HP: 20/20 MP: 0/6
  1275 | D:1      | Reached XP level 3. HP: 25/25 MP: 4/7
  1832 | D:2      | Reached skill level 1 in Fighting
  2083 | D:2      | Noticed Terence
  2088 | D:2      | Killed Terence
  2088 | D:2      | Reached XP level 4. HP: 32/32 MP: 3/9
  2156 | D:2      | Found a hide-covered altar of Uskayaw.
  2608 | D:2      | Found a basalt altar of Yredelemnul.
  2883 | D:3      | Noticed a bullfrog
  2891 | D:3      | Killed a bullfrog
  2891 | D:3      | Reached skill level 5 in Necromancy
  2891 | D:3      | Reached XP level 5. HP: 38/38 MP: 2/11
  3978 | D:4      | Reached XP level 6. HP: 44/44 MP: 8/13
  3983 | D:4      | Reached skill level 5 in Spellcasting
  4490 | D:3      | Learned a level 1 spell: Animate Skeleton
  4494 | D:3      | Learned a level 3 spell: Vampiric Draining
  4499 | D:3      | Learned a level 4 spell: Animate Dead
  4957 | D:4      | Got a tattered robe
  4967 | D:4      | Identified the +2 robe "Taenlemu" {Int+5 Dex+2} (You found
                  | it on level 4 of the Dungeon)
  5365 | D:4      | Identified the Catalogue of Congealing Air
  5393 | D:4      | Reached XP level 7. HP: 31/51 MP: 2/15
  5668 | D:4      | HP: 2/51 [gnoll/+0 club (3)]
  6023 | D:4      | Quit the game

Illustrated notes

Levels and vault maps discovered:
D:1:      dpeg_arrival_round_a, layout_basic, minmay_liquid_box
D:2:      layout_loops_cross, eat_drink_and_be_merry_uskayaw,
          lemuel_coloured_pillars_altar, minmay_misc_feat_rows, uniq_terence
D:3:      layout_loops_ring, serial_park_tiny_1, minmay_misc_feat_pillars
D:4:      minmay_goblin_kobold_castle, layout_basic, minmay_fire_ice_demons

Skill      XL: |  1  2  3  4  5  6  7 |
---------------+----------------------+-----
Spellcasting   | 3 4 5 6 |  6.0
Fighting       | 1 2 3 |  3.0
Dodging        | 2 3 |  3.0
Necromancy     | 5 6 |  6.0
Stealth        | |  1.5

Action                   |  1- 3 |  4- 6 |  7- 9 || total
-------------------------+-------+-------+-------++-------
Melee: Unarmed           |     1 |       |       ||     1
       Spear             |     7 |    14 |       ||    21
       Mace              |       |    13 |       ||    13
       Whip              |       |     1 |       ||     1
 Fire: Hunting sling     |       |    47 |    23 ||    70
Throw: Stone             |     2 |     1 |       ||     3
 Cast: Pain              |    60 |   137 |    24 ||   221
       Animate Dead      |       |     5 |     2 ||     7
       Animate Skeleton  |       |     3 |     3 ||     6
  Use: Scroll            |     6 |     2 |     1 ||     9
Armor: Robe              |       |    24 |    10 ||    34
Dodge: Dodged            |    14 |    86 |    31 ||   131

Table legend: (Time is in decaauts)
 A = Elapsed time spent in this place.
 B = Non-inter-level travel time spent in this place.
 C = Inter-level travel time spent in this place.
 D = Time resting spent in this place.
 E = Time spent auto-exploring this place.
 F = Levels seen in this place.
 G = Mean time per level.
                   A        B        C        D        E       F      G
               +--------+--------+--------+--------+--------+-----+--------+
         Total |   6044 |   5942 |    102 |    796 |   4291 |   4 | 1511.0 |
       Dungeon |   6044 |   5942 |    102 |    796 |   4291 |   4 | 1511.0 |
               +--------+--------+--------+--------+--------+-----+--------+

Top non-repeatable levels by time:
     D:4: 1915 daAuts
     D:3: 1464 daAuts
     D:1: 1439 daAuts
     D:2: 1224 daAuts
